 Dungeon Crawl Stone Soup version 0.27.1-34-g3ba077fa99 (webtiles) character file.

Game seed: 5971710899719831632

1203 KamiKatze the Cleaver (level 8, 0/68 HPs)
             Began as a Palentonga Berserker on Jan 21, 2022.
             Was a Priest of Trog.
             Killed by divine providence
             ... invoked by an orc priest
              (14 damage)
             ... on level 5 of the Dungeon.
             The game lasted 00:18:52 (4974 turns).

KamiKatze the Cleaver (Palentonga Berserker)        Turns: 4974, Time: 00:18:53

Health: 0/68       AC: 15    Str: 23    XL:     8   Next: 21%
Magic:  8/8        EV:  6    Int:  8    God:    Trog [***...]
Gold:   113        SH:  0    Dex:  9    Spells: 7/7 levels left

rFire    . . .     SeeInvis +   a - +0 hand axe
rCold    . . .     Faith    .   (no shield)
rNeg     . . .     Spirit   .   v - +0 chain mail
rPois    .         Reflect  .   (no helmet)
rElec    .         Harm     .   (no cloak)
rCorr    .         Rampage  .   m - +0 pair of gloves
Will     .....                  (no barding)
Stlth    ..........             (no amulet)
HPRegen  0.21/turn              (no ring)
MPRegen  0.11/turn              (no ring)

@: on berserk cooldown, curled up
A: large, rugged brown scales 3, see invisible, deformed body, roll 1, armoured
tail, reflexive curl
a: Rolling Charge, Renounce Religion, Berserk, Trog's Hand


You were on level 5 of the Dungeon.
You worshipped Trog.
Trog was most pleased with you.
You visited 1 branch of the dungeon, and saw 5 of its levels.

You collected 201 gold pieces.
You spent 88 gold pieces at shops.

Inventory:

Hand Weapons
 a - a +0 hand axe (weapon)
 b - a +3 trident
 t - a +0 whip of electrocution
 w - a +0 broad axe of flaming
Missiles
 c - 58 stones
 n - 12 poisoned darts (quivered)
Armour
 g - a +0 animal skin
 m - a +0 pair of gloves (worn)
 v - a +0 chain mail (worn)
 x - a +0 buckler
Wands
 l - a wand of acid (5)
Scrolls
 f - a scroll of teleportation {unknown}
 h - 2 scrolls of immolation {unknown}
 i - a scroll of fog {unknown}
 j - 3 scrolls of magic mapping {unknown}
 s - a scroll of noise {unknown}
 u - a scroll of acquirement {unknown}
Potions
 d - 3 potions of ambrosia
 e - 2 potions of curing
 k - 2 potions of brilliance {unknown}
 o - a potion of lignification
 p - a potion of attraction
 q - a potion of might
 r - a potion of magic
 z - a potion of flight {unknown}
 A - 2 potions of cancellation {unknown}


   Skills:
 + Level 6.2 Fighting
 * Level 8.3 Axes
 - Level 1.5 Armour
 - Level 1.5 Dodging
 * Level 2.0 Shields


You had 7 spell levels left.
You didn't know any spells.
Your spell library was empty.

Dungeon Overview and Level Annotations

Branches:
Dungeon (5/15)
 Temple: D:4-7

Altars:
Elyvilon
Trog

Shops:
D:1 *

Annotations:
D:4 Dowan, Duvessa


Innate Abilities, Weirdness & Mutations

You are completely covered in rugged brown scales. (AC +3, +7% HP)
You have supernaturally acute eyesight. (SInv)
Armour fits poorly on your strangely shaped body.
You can roll at nearby foes to attack.
You have a long armoured tail.
You curl defensively after being hit.


Message History

* * * LOW HITPOINT WARNING * * *
You feel sick.
You feel your anger nearly subside.
You are no longer berserk.
You are exhausted.
You feel yourself slow down.
* * * LOW HITPOINT WARNING * * *
You feel sick.
Unknown command.
Your skin crawls.
You feel strong-willed.
You feel very sick.
You feel sick.
You feel sick.
You feel sick.
You feel sick.
You are no longer poisoned.
You feel the effects of Trog's Hand fading.
You start resting.
Your skin stops crawling.
You feel less strong-willed.
You start resting.
You feel yourself speed up.
You start resting.
An orc priest is nearby!
The orc priest shouts!
The orc priest invokes the aid of Beogh against you.
Pain shoots through your body!
* * * LOW HITPOINT WARNING * * *
You see here a scorpion corpse.
You're still recovering from your berserk rage.
You closely miss the orc priest.
You hit the orc priest but do no damage.
You tail-slap the orc priest.
The orc priest is lightly wounded.
The orc priest hits you with a +0 short sword.
* * * LOW HITPOINT WARNING * * *
You closely miss the orc priest.
The orc priest is lightly wounded.
The orc priest invokes the aid of Beogh against you.
Beogh smites you!
You die...

#$...
#.##.........$#.##.#.#
#......≈≈≈≈#.##....
#......≈o....####.#
#.##...≈≈≈≈..# #.#
#..........'.# #.
####.......#.# ##
#.......#...
###########.......# ##
........†@o.......#
..########........#
#........# #........#
...####### #... #....
#. .# #.... . .#


You could see an orc priest.

Vanquished Creatures
  Grinder (D:4)
  3 black bears (D:5)
  A sky beast (D:5)
  An ogre (D:5)
  A centaur (D:5)
  A scorpion (D:5)
  4 orc priests (D:4)
  A centaur skeleton (D:5)
  2 hounds (D:5)
  An orc wizard (D:4)
  3 iguanas (D:5)
  2 adders
  A white imp (D:5)
  An ufetubus (D:4)
  2 adder skeletons (D:4)
  3 worms
  4 dart slugs
  14 orcs
  5 ball pythons
  6 bats
  7 endoplasms
  3 giant cockroaches
  3 goblins
  7 hobgoblins
  5 quokkas
  A frilled lizard (D:3)
  5 kobolds
  8 rats
96 creatures vanquished.

Notes
Turn   | Place    | Note
-------+----------+-------------------------------------------
     0 | D:1      | KamiKatze the Palentonga Berserker began the quest for the
                  | Orb.
     0 | D:1      | Reached XP level 1. HP: 19/19 MP: 1/1
   177 | D:1      | Reached XP level 2. HP: 24/25 MP: 2/2
   234 | D:1      | Found Nodetol's Assorted Antiques.
   607 | D:2      | Found a faded altar of an unknown god.
   692 | D:2      | Reached XP level 3. HP: 27/31 MP: 3/3
   889 | D:2      | Reached ** piety under Trog
   985 | D:2      | Reached skill level 4 in Axes
  1461 | D:1      | Bought a glowing ruby potion for 22 gold pieces
  1461 | D:1      | Bought a smoky ruby potion for 22 gold pieces
  1461 | D:1      | Bought a puce potion for 22 gold pieces
  1461 | D:1      | Bought a sedimented puce potion for 22 gold pieces
  1809 | D:3      | Found a bloodstained altar of Trog.
  2179 | D:4      | Reached XP level 4. HP: 39/39 MP: 4/4
  2389 | D:4      | Reached skill level 5 in Axes
  2391 | D:4      | Reached XP level 5. HP: 34/44 MP: 5/5
  2619 | D:4      | Noticed Duvessa
  2619 | D:4      | Noticed Dowan
  3444 | D:4      | Reached XP level 6. HP: 52/52 MP: 6/6
  3510 | D:4      | Noticed Grinder
  3534 | D:4      | Killed Grinder
  3535 | D:4      | Reached skill level 5 in Fighting
  3535 | D:4      | Reached skill level 6 in Axes
  3957 | D:5      | Entered Level 5 of the Dungeon
  3966 | D:5      | Gained mutation: You curl defensively after being hit.
                  | [Palentonga growth]
  3966 | D:5      | Reached XP level 7. HP: 56/59 MP: 7/7
  3991 | D:5      | Reached skill level 7 in Axes
  4210 | D:5      | Found a white marble altar of Elyvilon.
  4559 | D:5      | Reached skill level 8 in Axes
  4876 | D:5      | Reached skill level 1 in Shields
  4876 | D:5      | Reached XP level 8. HP: 54/68 MP: 8/8
  4904 | D:5      | Reached *** piety under Trog
  4944 | D:5      | HP: 2/68 [poisoned by a scorpion]
  4974 | D:5      | Killed from afar by an orc priest

Illustrated notes

Levels and vault maps discovered:
D:1:      mushboom_english_gardens, layout_rooms, serial_shops, shop
D:2:      minmay_wonky_spiral, layout_loops_cross, basic_ecumenical_altar
D:3:      layout_loops_ring, mainiacjoe_overflow_chevrons, minivault_27,
          minmay_fractal_squares_gapless_5
D:4:      layout_loops_ring, uniq_duvessa, uniq_grinder
D:5:      layout_basic, mainiacjoe_overflow_paths, serial_rivers,
          chequers_serial_rivers_large_b, chequers_serial_rivers_micro_b,
          chequers_serial_rivers_micro_d, chequers_serial_rivers_micro_a

Skill      XL: |  1  2  3  4  5  6  7  8 |
---------------+-------------------------+-----
Axes           | 4 5 6 8 |  8.3
Fighting       | 4 5 6 |  6.2
Shields        | 1 2 |  2.0
Armour         | |  1.5
Dodging        | |  1.5

Action                   |  1- 3 |  4- 6 |  7- 9 || total
-------------------------+-------+-------+-------++-------
Melee: Hand axe          |   127 |   111 |   108 ||   346
       Tailslap          |    17 |    16 |    18 ||    51
Throw: Dart              |       |       |     3 ||     3
Invok: Berserk           |     1 |     4 |     5 ||    10
       Trog's Hand       |       |     2 |     1 ||     3
  Use: Scroll            |     4 |     1 |     1 ||     6
Armor: Animal skin       |    50 |    10 |       ||    60
       Chain mail        |       |    23 |    60 ||    83
Dodge: Dodged            |    62 |    31 |    28 ||   121
